AoeStats
← RedPhosphoru

Arabian Desert

510386127Analyzed
1v1 RM · 17h ago on Sep 30, 2026· 18m 1s· 2 players
Game mode
Random Map
Map size
Tiny (2 player)
Population
200
Speed
Normal
Resources
Standard
Victory
Conquest
Starting age
Dark Age
Ending age
Imperial Age
RankedLock teamsTeams togetherTeam positionsShared explorationLock speedFull tech treeHidden civsTurbo modeCheats
Victory
Defeat
🇲🇽 Teutons · Mexico
2329
+19
🇺🇸 Vietnamese · United States
2396
-19
hK | Puerco_Negro
4:48 Loom
5:50 Loom
9:23 Feudal Age
11:43 Double-Bit Axe
RedPhosphoru
10:44 Loom
12:57 Feudal Age
13:17 Man-at-Arms
16:28 Horse Collar
Connection lost

Rejoining the realm…

Still unreachable

The connection could not be restored.

Session expired

The server has moved on; the page needs a fresh start.